 Dungeon Crawl Stone Soup version 0.21-a0-538-gd16b88a (webtiles) character file.

1166 tidbits the Insei (level 8, -2/60 HPs)
             Began as a Gnoll Transmuter on Dec 15, 2017.
             Was a Follower of Cheibriados.
             Slain by an orc warrior
             ... wielding a +0 scimitar
              (22 damage)
             ... on level 6 of the Dungeon.
             The game lasted 00:13:54 (1671 turns).

tidbits the Insei (Gnoll Transmuter)                Turns: 1671, Time: 00:13:55

Health: -2/60      AC:  2    Str: 15    XL:     8   Next: 40%
Magic:  26/26      EV: 25    Int: 19    God:    Cheibriados [*.....]
Gold:   408        SH:  0    Dex: 23    Spells: 13/19 levels left

rFire    . . .     SeeInvis .     - Unarmed
rCold    . . .     Gourm    .   (shield currently unavailable)
rNeg     . . .     Faith    .   (armour currently unavailable)
rPois    x         Spirit   .   (helmet currently unavailable)
rElec    .         Reflect  .   (cloak currently unavailable)
rCorr    .         Harm     .   (gloves currently unavailable)
MR       .....                  (boots currently unavailable)
Stlth    +++.......             y - amulet of magic regeneration
HPRegen  0.20/turn              s - ring of magical power
MPRegen  0.45/turn              (no ring)

@: spider-form (expiring), very slow
A: tiny, distributed training, strong nose
a: End Transformation, Bend Time, Renounce Religion


You were on level 6 of the Dungeon.
You worshipped Cheibriados.
Cheibriados was aware of your devotion.
You were not hungry.
You were a venomous arachnid creature.
You visited 2 branches of the dungeon, and saw 7 of its levels.
You also visited: Ossuary.

You collected 408 gold pieces.

Inventory:

Hand Weapons
 f - a +0 hunting sling
 u - a +2 dagger of venom (melded)
   (You took it off an orc wizard on level 4 of the Dungeon)
Missiles
 a - 41 arrows
 i - 36 bolts
 l - 63 stones (quivered)
 m - 24 sling bullets
Armour
 b - a +0 robe (melded)
 p - a +0 helmet (melded)
Jewellery
 s - a ring of magical power (left front leg)
   (You found it on level 2 of the Dungeon)
 y - an amulet of magic regeneration (around neck)
   (You found it on level 6 of the Dungeon)
Scrolls
 g - a scroll of fog
 h - a scroll of teleportation {unknown}
 k - a scroll of blinking
 n - a scroll of random uselessness {unknown}
 q - a scroll of enchant weapon {unknown}
 r - 4 scrolls of remove curse
 A - a scroll of amnesia {unknown}
Potions
 e - a potion of degeneration {unknown}
 o - 3 potions of lignification
 t - 4 potions of curing
 v - a potion of invisibility {unknown}
 w - 3 potions of might {unknown}
 x - a potion of heal wounds
 z - a potion of flight
Books
 c - a book of Changes

   Spells                             Type                      Level
   a - Beastly Appendage              Transmutation                1
   b - Sticks to Snakes               Transmutation                2
   c - Spider Form                    Transmutation/Poison         3
   d - Ice Form                       Ice/Transmutation            4
   e - Blade Hands                    Transmutation                5
Comestibles
 d - 2 bread rations
 j - 4 meat rations


   Skills:
 + Level 4.1 Fighting
 + Level 3.2 Short Blades
 + Level 3.2 Long Blades
 + Level 3.2 Axes
 + Level 3.2 Maces & Flails
 + Level 3.2 Polearms
 + Level 3.2 Staves
 + Level 3.2 Slings
 + Level 3.2 Bows
 + Level 3.2 Crossbows
 + Level 3.2 Throwing
 + Level 3.2 Armour
 + Level 5.6 Dodging
 + Level 3.2 Stealth
 + Level 3.2 Shields
 + Level 7.3 Unarmed Combat
 + Level 6.0 Spellcasting
 + Level 2.6 Conjurations
 + Level 2.6 Hexes
 + Level 2.6 Charms
 + Level 2.6 Summonings
 + Level 2.6 Necromancy
 + Level 2.6 Translocations
 + Level 4.6 Transmutations
 + Level 2.6 Fire Magic
 + Level 2.6 Ice Magic
 + Level 2.6 Air Magic
 + Level 2.6 Earth Magic
 + Level 2.6 Poison Magic
 + Level 3.5 Invocations
 + Level 3.2 Evocations


You had 13 spell levels left.
You knew the following spells:

 Your Spells              Type           Power        Failure   Level  Hunger
e - Beastly Appendage     Tmut           ###...       7%          1    None
k - Sticks to Snakes      Tmut           ###.....     10%         2    None
p - Spider Form           Tmut/Pois      ###.......   21%         3    ##.....


Dungeon Overview and Level Annotations

Branches:
Dungeon (6/15)             Temple (1/1) D:6

Altars:
Ashenzari
Cheibriados
Dithmenos
Elyvilon
Gozag
Hepliaklqana
Kikubaaqudgha
Makhleb
Qazlal
Ru
Sif Muna
Trog
Uskayaw
Vehumet
Wu Jian
Xom
Yredelemnul
Zin

Annotations:
D:3 p0werm0de's ghost, weakling DgHu


Innate Abilities, Weirdness & Mutations

Your experience applies equally to all skills.
((You have very sharp teeth.))
Your uncanny sense of smell can sniff out nearby items.


Message History

Anything else - Cancel.
Gang up on whom?
Press: ? - help, Dir - move target cursor, f - hound
Aim: a hound (heavily wounded) Attack!
The hound barely misses your water moccasin.
Your water moccasin barely misses the hound.
Your adder misses the hound.
The orc wizard points at you and mumbles some strange words.
The magic dart hits your water moccasin.
What are your orders? t - Hiss!
Orders for allies: a - Attack new target. p - Attack previous target. r - Retreat! s - Stop attacking. g - Guard the area. f - Follow me.
Anything else - Cancel.
Gang up on whom?
Press: ? - help, Dir - move target cursor, f/p - hound
Aim: a hound (heavily wounded) Attack!
The hound bites your water moccasin but does no damage.
Your water moccasin closely misses the hound.
Your adder closely misses the hound.
The hound misses your water moccasin.
The orc wizard casts a spell.
The orc wizard flickers and vanishes!
The orc warrior misses your water moccasin.
Your water moccasin bites the hound.
What are your orders? t - Hiss!
Orders for allies: a - Attack new target. p - Attack previous target. r - Retreat! s - Stop attacking. g - Guard the area. f - Follow me.
Anything else - Cancel.
Gang up on whom?
Press: ? - help, Dir - move target cursor, f/p - hound
Aim: a hound (severely wounded) Attack!
Your adder bites the hound but does no damage.
The hound bites your water moccasin but does no damage.
Your water moccasin closely misses the hound.
Your adder bites the hound.
The hound is poisoned.
Your adder poisons the hound!
The orc warrior hits your water moccasin with a scimitar!
What are your orders? t - Hiss!
Orders for allies: a - Attack new target. p - Attack previous target. r - Retreat! s - Stop attacking. g - Guard the area. f - Follow me.
Anything else - Cancel.
Gang up on whom?
Press: ? - help, Dir - move target cursor, f/p - hound
Aim: a hound (almost dead, poisoned) Attack!
The hound dies!
Cheibriados thoroughly appreciates the change of pace.
Cheibriados slows and strengthens your metabolism.
Cheibriados raises the support of your attributes as your movement slows.
Your adder looks stronger.
Your water moccasin bites the orc warrior but does no damage.
Something hits your adder. What are your orders? t - Hiss!
Orders for allies: a - Attack new target. r - Retreat! s - Stop attacking. g - Guard the area. f - Follow me.
Anything else - Cancel.
Gang up on whom?
Press: ? - help, Dir - move target cursor, f - orc warrior
Aim: an orc warrior, wielding a scimitar and wearing a chain mail Attack!
Your water moccasin barely misses the orc warrior.
Your adder completely misses the orc warrior.
The orc warrior misses your water moccasin.
A puff of flame appears from out of thin air!
The puff of flame hits your adder.
Your water moccasin bites the orc warrior.
The orc warrior is poisoned.
Your water moccasin poisons the orc warrior!
What are your orders? t - Hiss!
Orders for allies: a - Attack new target. p - Attack previous target. r - Retreat! s - Stop attacking. g - Guard the area. f - Follow me.
Anything else - Cancel.
Gang up on whom?
Press: ? - help, Dir - move target cursor, f/p - orc warrior
Aim: an orc warrior, wielding a scimitar and wearing a chain mail (lightly wounded, poisoned) Attack!
Your adder withers and dies!
Your water moccasin withers and dies!
You bite the orc warrior!
The orc warrior looks as sick as possible!
The orc warrior is severely wounded.
Your transformation is almost over.
The orc warrior hits you with a scimitar!
* * * LOW HITPOINT WARNING * * *
You hit the orc warrior but do no damage.
The orc warrior looks as sick as possible!
The orc warrior is severely wounded.
The orc warrior hits you with a scimitar!!
You die...

##+ #.............#
#..##........)....#
..................# ..#
..................# ...
..................# ....
...##......>......# ....#
...##...........$.##....#
....#............{...(..#
....#...........so)......
...##...##........##....
...##...##...##...# #
...##........##...##
..................(+
...†..............##
.)................##
...##...##.........#
...#######...##...##


You could see an orc warrior.

Vanquished Creatures
  A sky beast (D:6)
  3 centaurs
  2 scorpions (D:4)
  5 wights (D:6)
  A bullfrog zombie (D:6)
  2 orc wizards (D:4)
  An orc priest (D:6)
  2 hounds (D:4)
  4 worker ants
  A hound skeleton (D:4)
  6 mummies (Ossuary)
  3 gnolls (D:2)
  An adder (D:2)
  3 worms
  2 leopard geckos
  5 orcs
  3 bats
  3 giant cockroaches
  3 gnoll zombies (Ossuary)
  3 hobgoblins
  2 jackals (D:1)
  2 quokkas
  A ball python skeleton (D:4)
  A frilled lizard (D:1)
  A hobgoblin zombie (Ossuary)
  5 kobolds
  A kobold zombie (Ossuary)
  A leopard gecko zombie (D:5)
  A rat (D:2)
69 creatures vanquished.

Vanquished Creatures (collateral kills)
  2 hounds (D:6)
  A jelly (D:6)
  2 big kobold zombies (Ossuary)
  2 mummies (Ossuary)
  A gnoll zombie (Ossuary)
  A rat (D:2)
9 creatures vanquished.

Grand Total: 78 creatures vanquished

Notes
Turn   | Place    | Note
-------+----------+-------------------------------------------
     0 | D:1      | tidbits the Gnoll Transmuter began the quest for the Orb.
     0 | D:1      | Reached XP level 1. HP: 17/17 MP: 6/6
   211 | D:2      | Reached XP level 2. HP: 22/23 MP: 5/7
   220 | D:1      | Learned a level 2 spell: Sticks to Snakes
   345 | D:1      | Reached XP level 3. HP: 28/28 MP: 9/9
   350 | D:1      | Learned a level 3 spell: Spider Form
   491 | D:2      | Reached skill level 5 in Spellcasting
   492 | D:2      | Found a shadowy altar of Dithmenos.
   534 | D:3      | Found an opulent altar of Gozag.
   609 | D:3      | Noticed p0werm0de's ghost (weakling DgHu)
   665 | D:2      | Reached skill level 1 in Invocations
   670 | D:2      | Reached skill level 1 in Short Blades
   670 | D:2      | Reached skill level 1 in Long Blades
   670 | D:2      | Reached skill level 1 in Axes
   670 | D:2      | Reached skill level 1 in Maces & Flails
   670 | D:2      | Reached skill level 1 in Polearms
   670 | D:2      | Reached skill level 1 in Staves
   670 | D:2      | Reached skill level 1 in Slings
   670 | D:2      | Reached skill level 1 in Bows
   670 | D:2      | Reached skill level 1 in Crossbows
   670 | D:2      | Reached skill level 1 in Throwing
   670 | D:2      | Reached skill level 1 in Armour
   670 | D:2      | Reached skill level 1 in Stealth
   670 | D:2      | Reached skill level 1 in Shields
   670 | D:2      | Reached skill level 1 in Evocations
   670 | D:2      | Reached XP level 4. HP: 24/34 MP: 10/11
   710 | D:4      | Reached skill level 1 in Conjurations
   710 | D:4      | Reached skill level 1 in Hexes
   710 | D:4      | Reached skill level 1 in Charms
   710 | D:4      | Reached skill level 1 in Summonings
   710 | D:4      | Reached skill level 1 in Necromancy
   710 | D:4      | Reached skill level 1 in Translocations
   710 | D:4      | Reached skill level 1 in Fire Magic
   710 | D:4      | Reached skill level 1 in Ice Magic
   710 | D:4      | Reached skill level 1 in Air Magic
   710 | D:4      | Reached skill level 1 in Earth Magic
   710 | D:4      | Reached skill level 1 in Poison Magic
   719 | D:4      | Reached XP level 5. HP: 24/40 MP: 12/12
   735 | D:4      | Reached skill level 3 in Fighting
   735 | D:4      | Reached skill level 4 in Transmutations
   783 | D:4      | Reached skill level 2 in Invocations
   783 | D:4      | Reached XP level 6. HP: 23/47 MP: 4/13
   798 | D:4      | Reached skill level 2 in Short Blades
   798 | D:4      | Reached skill level 2 in Long Blades
   798 | D:4      | Reached skill level 2 in Axes
   798 | D:4      | Reached skill level 2 in Maces & Flails
   798 | D:4      | Reached skill level 2 in Polearms
   798 | D:4      | Reached skill level 2 in Staves
   798 | D:4      | Reached skill level 2 in Slings
   798 | D:4      | Reached skill level 2 in Bows
   798 | D:4      | Reached skill level 2 in Crossbows
   798 | D:4      | Reached skill level 2 in Throwing
   798 | D:4      | Reached skill level 2 in Armour
   798 | D:4      | Reached skill level 5 in Dodging
   798 | D:4      | Reached skill level 2 in Stealth
   798 | D:4      | Reached skill level 2 in Shields
   798 | D:4      | Reached skill level 2 in Evocations
   814 | D:4      | Noticed an ice beast
   879 | D:5      | Entered Level 5 of the Dungeon
   914 | D:5      | Found a bloodstained altar of Trog.
   992 | D:5      | Reached XP level 7. HP: 41/52 MP: 15/15
  1023 | D:5      | Found a sand-covered staircase.
  1031 | Ossuary  | Entered an ossuary
  1100 | Ossuary  | Reached skill level 7 in Unarmed Combat
  1318 | D:6      | Found a staircase to the Ecumenical Temple.
  1334 | D:6      | Reached skill level 2 in Conjurations
  1334 | D:6      | Reached skill level 2 in Hexes
  1334 | D:6      | Reached skill level 2 in Charms
  1334 | D:6      | Reached skill level 2 in Summonings
  1334 | D:6      | Reached skill level 2 in Necromancy
  1334 | D:6      | Reached skill level 2 in Translocations
  1334 | D:6      | Reached skill level 2 in Fire Magic
  1334 | D:6      | Reached skill level 2 in Ice Magic
  1334 | D:6      | Reached skill level 2 in Air Magic
  1334 | D:6      | Reached skill level 2 in Earth Magic
  1334 | D:6      | Reached skill level 2 in Poison Magic
  1344 | Temple   | Entered the Ecumenical Temple
  1358 | Temple   | Became a worshipper of Cheibriados the Contemplative
  1410 | D:6      | Reached skill level 3 in Invocations
  1414 | D:6      | Reached XP level 8. HP: 22/60 MP: 16/16
  1513 | D:6      | Reached skill level 4 in Fighting
  1537 | D:6      | Reached skill level 3 in Short Blades
  1537 | D:6      | Reached skill level 3 in Long Blades
  1537 | D:6      | Reached skill level 3 in Axes
  1537 | D:6      | Reached skill level 3 in Maces & Flails
  1537 | D:6      | Reached skill level 3 in Polearms
  1537 | D:6      | Reached skill level 3 in Staves
  1537 | D:6      | Reached skill level 3 in Slings
  1537 | D:6      | Reached skill level 3 in Bows
  1537 | D:6      | Reached skill level 3 in Crossbows
  1537 | D:6      | Reached skill level 3 in Throwing
  1537 | D:6      | Reached skill level 3 in Armour
  1537 | D:6      | Reached skill level 3 in Stealth
  1537 | D:6      | Reached skill level 3 in Shields
  1537 | D:6      | Reached skill level 3 in Evocations
  1565 | D:6      | HP: 5/60 [hound (5)]
  1646 | D:6      | Reached skill level 6 in Spellcasting
  1667 | D:6      | Reached * piety under Cheibriados
  1671 | D:6      | Slain by an orc warrior

Vault maps used:
D:1:      lightli_arrival_isolated_outpost, serial_bayou_pond_c
D:2:      nicolae_dithmenos_shadow_blocks, tso_metal_star
D:3:      grunt_gozag_breadcrumbs, first_bread, kennysheep_generic_room_13
D:4:      lemuel_doored_altar, hangedman_decor_growths
D:5:      overflow_temple_1_default, kennysheep_little_box,
          lightli_temple_of_fire, chequers_ossuary_entry_cave
D:6:      minmay_temple_entry_grid
Temple:   lightli_temple_of_artemis
Ossuary:  ossuary_tomb_3

Skill      XL: |  1  2  3  4  5  6  7  8 |
---------------+-------------------------+-----
Spellcasting   | 5 6 |  6.0
Invocations    | 1 2 3 |  3.5
Short Blades   | 1 2 3 |  3.2
Long Blades    | 1 2 3 |  3.2
Axes           | 1 2 3 |  3.2
Maces & Flails | 1 2 3 |  3.2
Polearms       | 1 2 3 |  3.2
Staves         | 1 2 3 |  3.2
Slings         | 1 2 3 |  3.2
Bows           | 1 2 3 |  3.2
Crossbows      | 1 2 3 |  3.2
Throwing       | 1 2 3 |  3.2
Armour         | 1 2 3 |  3.2
Stealth        | 1 2 3 |  3.2
Shields        | 1 2 3 |  3.2
Evocations     | 1 2 3 |  3.2
Conjurations   | 1 2 |  2.6
Hexes          | 1 2 |  2.6
Charms         | 1 2 |  2.6
Summonings     | 1 2 |  2.6
Necromancy     | 1 2 |  2.6
Translocations | 1 2 |  2.6
Fire Magic     | 1 2 |  2.6
Ice Magic      | 1 2 |  2.6
Air Magic      | 1 2 |  2.6
Earth Magic    | 1 2 |  2.6
Poison Magic   | 1 2 |  2.6
Fighting       | 3 4 |  4.1
Transmutations | 4 |  4.6
Dodging        | 5 |  5.6
Unarmed Combat | 7 |  7.3

Action                   |  1- 3 |  4- 6 |  7- 9 || total
-------------------------+-------+-------+-------++-------
Melee: Unarmed           |    55 |    56 |   116 ||   227
       Kick              |     6 |       |       ||     6
       Bite              |     1 |       |     1 ||     2
       Headbutt          |     1 |       |       ||     1
Throw: Stone             |       |       |     1 ||     1
 Cast: Beastly Appendage |     6 |       |       ||     6
       Sticks to Snakes  |     2 |       |    15 ||    17
       Spider Form       |     6 |     7 |    13 ||    26
 Abil: End Transformatio |       |       |     1 ||     1
  Use: Scroll            |       |       |     7 ||     7
       Potion            |       |       |     2 ||     2
 Stab: Sleeping          |       |     1 |       ||     1
       Distracted        |       |       |     3 ||     3
  Eat: Chunk             |       |     1 |       ||     1
       Royal jelly       |       |       |     2 ||     2
Armor: Robe              |     3 |     2 |       ||     5
       Skin              |     4 |     2 |     3 ||     9
Dodge: Dodged            |    52 |    41 |    90 ||   183

Table legend:
 A = Spawn XP
 B = Non-spawn XP
 C = Spawn XP percentage of total XP
 D = Spawn monster count
 E = Non-spawn monster count
 F = Spawn count percentage of total count
 G = Total turns spent on level
                    A         B        C        D         E        F      G
               +---------+---------+-------+---------+---------+-------+---------
         Total |       0 |    1667 |   0.0 |       0 |      78 |   0.0 |  1671
               +---------+---------+-------+---------+---------+-------+---------
           D:1 |       0 |      12 |   0.0 |       0 |       7 |   0.0 |   259
           D:2 |       0 |      71 |   0.0 |       0 |      13 |   0.0 |   322
           D:3 |       0 |      15 |   0.0 |       0 |       7 |   0.0 |   135
           D:4 |       0 |     504 |   0.0 |       0 |      17 |   0.0 |   163
           D:5 |       0 |      34 |   0.0 |       0 |       2 |   0.0 |   167
           D:6 |       0 |     862 |   0.0 |       0 |      16 |   0.0 |   362
       Ossuary |       0 |     169 |   0.0 |       0 |      16 |   0.0 |   230
               +---------+---------+-------+---------+---------+-------+---------

Table legend:
 A = Turns spent in this place as a percentage of turns spent in the entire game.
 B = Non-inter-level travel turns spent in this place as a percentage of non-inter-level travel turns spent in the entire game.
 C = Inter-level travel turns spent in this place as a percentage of turns spent in this place.
 D = Turns resting spent in this place as a percentage of non-inter-level travel turns spent in this place.
 E = Turns spent auto-exploring this place as a percentage of non-inter-level travel turns spent in this place.
 F = Non-inter-level travel turns spent in this place divided by the number of levels of this place that you've seen.
                   A       B       C       D       E      F
               +-------+-------+-------+-------+-------+----------------------
         Total | 100.0 | 100.0 |   0.0 |   0.0 |   0.0 | 208.9
       Dungeon |  84.3 |  84.3 |   0.0 |   0.0 |   0.0 | 234.7
        Temple |   2.0 |   2.0 |   0.0 |   0.0 |   0.0 |  33.0
       Ossuary |  13.8 |  13.8 |   0.0 |   0.0 |   0.0 | 230.0
               +-------+-------+-------+-------+-------+----------------------

Table legend:
 A = Kills in this place as a percentage of kills in entire the game.
 B = Kills by you in this place as a percentage of kills by you in the entire game.
 C = Kills by friends in this place as a percentage of kills by friends in the entire game.
 D = Other kills in this place as a percentage of other kills in the entire game.
 E = Experience gained in this place as a percentage of experience gained in the entire game.
 F = Experience gained in this place divided by the number of levels of this place that you have seen.
                   A       B       C       D       E      F
               +-------+-------+-------+-------+-------+----------------------
         Total | 100.0 | 100.0 | 100.0 |   N/A | 100.0 | 208.4
       Dungeon |  79.5 |  84.1 |  44.4 |   N/A |  89.9 | 249.7
       Ossuary |  20.5 |  15.9 |  55.6 |   N/A |  10.1 | 169.0
               +-------+-------+-------+-------+-------+----------------------

Vault maps used:
D:1:      lightli_arrival_isolated_outpost, serial_bayou_pond_c
D:2:      nicolae_dithmenos_shadow_blocks, tso_metal_star
D:3:      grunt_gozag_breadcrumbs, first_bread, kennysheep_generic_room_13
D:4:      lemuel_doored_altar, hangedman_decor_growths
D:5:      overflow_temple_1_default, kennysheep_little_box,
          lightli_temple_of_fire, chequers_ossuary_entry_cave
D:6:      minmay_temple_entry_grid
Temple:   lightli_temple_of_artemis
Ossuary:  ossuary_tomb_3
